 Dungeon Crawl Stone Soup version 0.30-a0-1124-g6e8f0f562f (webtiles) character file.

Game seed: 2145353877834603738

532 CryoSword the Poker (level 6, -1/50 HPs)
             Began as a Demigod Summoner on Apr 23, 2023.
             Slain by a killer bee (7 damage)
             ... on level 5 of the Dungeon.
             The game lasted 00:06:24 (3889 turns).

CryoSword the Poker (Demigod Summoner)              Turns: 3889, Time: 00:06:25

Health: -1/50      AC:  4    Str: 13    XL:     6   Next: 73%
Magic:  7/11       EV: 12    Int: 21    God:
Gold:   251        SH:  0    Dex: 14    Spells: 3/9 levels left

rFire   . . .        j - +1 scythe (venom)
rCold   . . .        (shield currently unavailable)
rNeg    . . .        a - +0 robe
rPois   +            o - +0 helmet
rElec   .            d - +0 cloak
rCorr   .            (no gloves)
SInv    .            (no boots)
Will    .....        u - amulet of the acrobat
Stlth   ++           t - ring of poison resistance
HPRegen 0.28/turn    (no ring)
MPRegen 0.12/turn

%: acrobat
@: weak-willed
A: high MP 1, forlorn, divine attributes
a: no special abilities


You were on level 5 of the Dungeon.
You visited 1 branch of the dungeon, and saw 5 of its levels.

You collected 290 gold pieces.
You spent 39 gold pieces at shops.

Inventory:

Hand Weapons
 j - a +1 scythe of venom (weapon)
   (You took it off Sigmund on level 2 of the Dungeon)
Missiles
 c - 5 poisoned darts
 v - 3 boomerangs
Armour
 a - a +0 robe (worn)
 d - a +0 cloak (worn)
   (You found it on level 2 of the Dungeon)
 o - a +0 helmet (worn)
   (You took it off Robin on level 4 of the Dungeon)
Jewellery
 t - a ring of poison resistance (left hand)
   (You found it on level 4 of the Dungeon)
 u - an amulet of the acrobat (around neck)
   (You found it on level 4 of the Dungeon)
Scrolls
 e - 2 scrolls of poison {!r}
 f - a scroll of fog {unknown}
 h - 3 scrolls of teleportation {@r4}
 k - a scroll of enchant weapon {unknown}
 l - a scroll of brand weapon {unknown}
 p - a scroll of summoning {unknown}
 x - 2 scrolls of vulnerability {!r}
Potions
 b - 2 potions of magic
 g - a potion of heal wounds {@q2}
 i - 2 potions of curing {@q1}
 m - a potion of resistance {unknown}
 n - a potion of attraction {unknown}
 q - 2 potions of might {unknown}
 s - 2 potions of flight {unknown}
 w - a potion of mutation {unknown}


   Skills:
 + Level 2.7 Fighting
 * Level 4.2 Polearms
 - Level 1.7 Dodging
 - Level 1.7 Stealth
 - Level 2.0 Spellcasting
 - Level 3.6 Summonings
 * Level 3.8 Ice Magic


You had 3 spell levels left.
You knew the following spells:

 Your Spells              Type           Power      Damage    Failure   Level
a - Summon Small Mammal   Summ           68%        N/A       3%          1
b - Call Imp              Summ           34%        N/A       4%          2
c - Call Canine Familiar  Summ           17%        N/A       10%         3

Your spell library contained the following spells:

 Spells                   Type           Power      Damage    Failure   Level
 Ozocubu's Armour         Ice            18%        N/A       9%          3
 Summon Guardian Golem    Hex/Summ       9%         N/A       22%         3
 Summon Ice Beast         Ice/Summ       17%        N/A       32%         4
 Summon Lightning Spire   Summ/Air       9%         N/A       56%         4
 Summon Mana Viper        Hex/Summ       9%         N/A       89%         5
 Monstrous Menagerie      Summ           8%         N/A       100%        7
 Ozocubu's Refrigeration  Ice            9%         4d9       100%        7


Dungeon Overview and Level Annotations

Branches:
Dungeon (5/15)             Temple (0/1) D:5

Shops:
D:2 *

Annotations:
D:4 2 transporters, Zigma's ghost, novice DrMo


Innate Abilities, Weirdness & Mutations

You have an increased reservoir of magic. (+10% MP)
You shall have no god before yourself.
Your divine heritage dramatically boosts your attributes as you level up.


Message History

You reach to attack!
You hit the sleepcap but do no damage.
Reach: j) +1 scythe (venom)
Aim: a sleepcap (heavily damaged, about 2% to evade your +1 scythe of venom)
You hit the sleepcap.
The sleepcap releases spores at you but does no damage.
The sleepcap barely misses you.
A tiny devil pulls itself out of the air.
The sleepcap closely misses you. The sleepcap releases spores at you!
Your cerulean imp hits the sleepcap from afar with a -2 spear.
You hit the sleepcap.
Your quokka bites the sleepcap.
The sleepcap releases spores at your quokka.
Your quokka is engulfed in a cloud of soporific spores!
Your cerulean imp completely misses the sleepcap.
You strike the helpless sleepcap from behind!
You hit the sleepcap but do no damage.
Your quokka bites the sleepcap but does no damage.
The sleepcap releases spores at you but does no damage.
Your cerulean imp hits the sleepcap but does no damage.
Your quokka bites the sleepcap.
You hit the sleepcap but do no damage.
The sleepcap is poisoned.
The sleepcap closely misses you.
Your cerulean imp hits the sleepcap from afar with a -2 spear.
The sleepcap is destroyed!
Your quokka disappears in a puff of smoke!
Found a stone staircase leading down.
You swap places.
A killer bee comes into view.
A killer bee is nearby!
A killer bee is nearby!
A killer bee is nearby!
A killer bee comes into view.
Your cerulean imp disappears in a puff of smoke!
A killer bee comes into view.
The killer bee completely misses you.
You barely miss the killer bee. The killer bee barely misses you.
The killer bee closely misses you. The killer bee barely misses you.
You hit the killer bee. The killer bee stings you. x3
You hit the killer bee. The killer bee stings you.
The killer bee stings you but does no damage.
You puncture the killer bee! The killer bee stings you.
The killer bee stings you but does no damage.
The killer bee stings you.
You are too injured to fight recklessly!
You are too injured to fight recklessly!
The killer bee buzzes angrily.
The killer bee completely misses you.
The killer bee attacks as you move away!
The killer bee misses you. x2
The killer bee misses you. The killer bee closely misses you.
The killer bee stings you.
You are poisoned.
The killer bee poisons you! The killer bee completely misses you.
A tiny devil pulls itself out of the air.
You feel very sick. The killer bee closely misses you.
The killer bee completely misses you.
You swap places.
You feel sick.
Your hound closely misses the killer bee.
The killer bee misses your hound.
Your hound misses the killer bee. The killer bee stings your hound.
You feel sick. The killer bee stings your hound.
Your hound is poisoned.
The killer bee poisons your hound!
Your hound misses the killer bee.
The killer bee closely misses your hound.
You feel sick. Something misses your hound. Something barely misses your hound.
You feel sick.
Your cerulean imp closely misses the killer bee.
Your hound misses the killer bee. The killer bee misses your hound.
You feel sick.
The killer bee stings your hound but does no damage.
Your hound completely misses the killer bee.
Your cerulean imp completely misses the killer bee.
Your hound barely misses the killer bee.
The killer bee stings your hound!
You feel sick.
Your hound dies!
Your hound's corpse disappears in a puff of smoke!
Your cerulean imp barely misses the killer bee.
You feel sick.
You are no longer poisoned.
A water moccasin comes into view.
Your cerulean imp closely misses the killer bee.
The killer bee stings your cerulean imp.
The killer bee closely misses your cerulean imp.
As you read the scroll labelled DEVORIONUK, it crumbles to dust.
Magic quickly surges around you.
It was a scroll of vulnerability.
The water moccasin completely misses you.
Your cerulean imp barely misses the killer bee.
Okay, then.
You puncture the water moccasin! The water moccasin bites you.
* * * LOW HITPOINT WARNING * * *
The killer bee closely misses your cerulean imp.
The water moccasin bites you.
* * * LOW HITPOINT WARNING * * *
The killer bee barely misses your cerulean imp.
Your cerulean imp completely misses the killer bee.
You hit the water moccasin.
The water moccasin is poisoned.
The killer bee stings your cerulean imp.
Your cerulean imp dies!
Your cerulean imp disappears in a puff of smoke!
The water moccasin misses you. The water moccasin closely misses you.
You feel much better. The killer bee barely misses you.
The water moccasin bites you. The killer bee stings you.
You are poisoned.
The killer bee poisons you!
You closely miss the water moccasin.
You feel very sick. The killer bee closely misses you.
The water moccasin bites you. The killer bee stings you.
* * * LOW HITPOINT WARNING * * *
The water moccasin barely misses you.
Unknown command.
A tiny devil pulls itself out of the air.
You feel sick. The killer bee stings you.
* * * LOW HITPOINT WARNING * * *
The water moccasin barely misses you. The killer bee barely misses you.
The water moccasin closely misses you.
As you read the scroll labelled NOSTRI FIXU, it crumbles to dust.
You assume a fearsome visage.
The water moccasin looks frightened!
The killer bee looks frightened! x3; It was a scroll of fear.
You feel sick.
The water moccasin closely misses your cerulean imp.
Your cerulean imp hits the water moccasin with a -2 spear.
You miss the water moccasin.
You feel sick.
The water moccasin barely misses your cerulean imp.
Cornered, the killer bee turns to fight!
The water moccasin bites your cerulean imp!
Your cerulean imp hits the water moccasin but does no damage.
You hit the water moccasin.
Your attack snaps the water moccasin out of its fear.
You feel sick. The water moccasin bites you.
* * * LOW HITPOINT WARNING * * *
Your cerulean imp closely misses the water moccasin.
The water moccasin barely misses you.
You closely miss the water moccasin.
You feel sick.
You are no longer poisoned.
The water moccasin bites you.
* * * LOW HITPOINT WARNING * * *
Your cerulean imp hits the water moccasin but does no damage.
The water moccasin misses you.
You completely miss the water moccasin. The killer bee closely misses you.
A killer bee comes into view.
Your cerulean imp hits the water moccasin with a -2 spear.
The killer bee stings you.
* * * LOW HITPOINT WARNING * * *
The water moccasin closely misses you.
Your cerulean imp hits the water moccasin with a -2 spear.
The water moccasin dies!
The killer bee stings you!
You die...

#.# #.# #.# ##### ## #.#
.... .# #.# #########
...#.# #.# #.......##
#.>. ##.###.#.......
#..#######...##.#.###...
#...y.y@†5......#.# #..#
###.#######..<####.#
#..# #.....######.## #.#
#..# #.###....# #.# #.#
#..# #.# #....# #.# #.#
#..# #.###.5y.# #.# #.#
#..# #.....#.## #.# #.#
#..# #######y# #.# #.#
#... #.# #.# #.# #...


You could see 2 killer bees and a friendly cerulean imp (summoned).

Vanquished Creatures
  An ogre (D:4)
  A jelly (D:4)
  An orc wizard (D:4)
  Robin (D:4)
  2 gnolls
  2 adders (D:3)
  A shadow imp (D:5)
  An ufetubus (D:4)
  4 orcs
  4 ball pythons
  5 bats
  3 endoplasms
  2 giant cockroaches
  11 goblins
  8 hobgoblins
  3 frilled lizards
  4 kobolds
  2 rats
56 creatures vanquished.

Vanquished Creatures (collateral kills)
  Sigmund (D:2)
  A water moccasin (D:5)
  A sleepcap (D:5)
  An iguana (D:4)
  2 gnolls (D:3)
  An adder (D:2)
  A worm (D:2)
  2 dart slugs
  An orc (D:4)
  An endoplasm (D:1)
  2 giant cockroaches
  7 goblins
  3 hobgoblins (D:1)
  2 frilled lizards
  A kobold (D:2)
27 creatures vanquished.

Grand Total: 83 creatures vanquished

Notes
Turn   | Place    | Note
-------+----------+-------------------------------------------
     0 | D:1      | CryoSword the Demigod Summoner began the quest for the Orb.
     0 | D:1      | Reached XP level 1. HP: 14/14 MP: 5/5
    85 | D:1      | Reached skill level 1 in Polearms
   283 | D:1      | Reached XP level 2. HP: 22/22 MP: 4/7
   590 | D:1      | Reached skill level 1 in Fighting
   773 | D:2      | Learned a level 2 spell: Call Imp
   808 | D:2      | Reached skill level 1 in Ice Magic
   839 | D:2      | Reached XP level 3. HP: 28/28 MP: 3/8
  1029 | D:2      | Noticed Sigmund
  1076 | D:2      | Killed Sigmund
  1077 | D:2      | Reached skill level 3 in Polearms
  1077 | D:2      | Reached XP level 4. HP: 14/36 MP: 3/9
  1077 | D:2      | Reached XP level 5. HP: 16/41 MP: 3/10
  1420 | D:2      | Found Vueckix's General Store.
  1428 | D:2      | Bought a scroll of identify for 26 gold pieces
  1428 | D:2      | Bought a scroll of noise for 13 gold pieces
  1921 | D:3      | Learned a level 3 spell: Call Canine Familiar
  2485 | D:4      | Noticed Robin
  2501 | D:4      | Killed Robin
  2637 | D:4      | Reached XP level 6. HP: 48/48 MP: 5/11
  2919 | D:4      | Found a transporter.
  2920 | D:4      | Noticed Zigma's ghost (novice DrMo)
  2938 | D:4      | Found a transporter.
  3048 | D:4      | Reached skill level 4 in Polearms
  3576 | D:5      | Entered Level 5 of the Dungeon
  3577 | D:5      | Found a staircase to the Ecumenical Temple.
  3596 | D:5      | Identified the +2 robe of Hedging {rF++ rN+ Will- Int+3}
  3877 | D:5      | Noticed a water moccasin
  3889 | D:5      | Killed a water moccasin
  3889 | D:5      | Slain by a killer bee

Illustrated notes

Levels and vault maps discovered:
D:1:      tarquinn_simple_flora_water_e, layout_rooms
D:2:      layout_basic, serial_shops, shop, uniq_sigmund
D:3:      layout_rooms, mainiacjoe_overflow_tiny_flanked
D:4:      layout_gridville, nicolae_dithmenos_the_darkroom,
          gammafunk_ghost_stat_death, uniq_robin
D:5:      kennysheep_big_flooded_room, layout_loops_ring,
          minmay_temple_entry_glass

Skill      XL: |  1  2  3  4  5  6 |
---------------+-------------------+-----
Polearms       | 1 3 4 |  4.2
Fighting       | 1 2 |  2.7
Ice Magic      | 1 2 3 |  3.8
Spellcasting   | 2 |  2.0
Dodging        | |  1.7
Stealth        | |  1.7
Summonings     | |  3.6

Action                     |  1- 3 |  4- 6 || total
---------------------------+-------+-------++-------
  Melee: Spear             |    79 |       ||    79
         Halberd           |       |   107 ||   107
  Throw: Dart              |     2 |       ||     2
   Cast: Summon Small Mamm |    27 |     6 ||    33
         Call Imp          |     5 |    18 ||    23
         Call Canine Famil |       |    10 ||    10
    Use: Scroll            |     2 |     4 ||     6
         Potion            |       |     1 ||     1
   Stab: Sleeping          |     2 |     4 ||     6
         Distracted        |     3 |     2 ||     5
 Armour: Robe              |    11 |    25 ||    36
  Dodge: Dodged            |    36 |    72 ||   108

Table legend: (Time is in decaauts)
 A = Elapsed time spent in this place.
 B = Non-inter-level travel time spent in this place.
 C = Inter-level travel time spent in this place.
 D = Time resting spent in this place.
 E = Time spent auto-exploring this place.
 F = Levels seen in this place.
 G = Mean time per level.
                   A        B        C        D        E       F      G
               +--------+--------+--------+--------+--------+-----+--------+
         Total |   3927 |   3840 |     87 |    320 |   2770 |   5 |  785.4 |
       Dungeon |   3927 |   3840 |     87 |    320 |   2770 |   5 |  785.4 |
               +--------+--------+--------+--------+--------+-----+--------+

Top non-repeatable levels by time:
     D:2: 1225 daAuts
     D:4: 1083 daAuts
     D:3: 695 daAuts
     D:1: 685 daAuts
     D:5: 238 daAuts
